 Dungeon Crawl Stone Soup version 0.27-a0-1081-ge8a0a9c698 (webtiles) character file.

Game seed: 8178013198319158721

43 gimp the Shield-Bearer (level 3, -1/31 HPs)
             Began as a Djinni Fighter on Apr 25, 2021.
             Slain by a water moccasin (5 damage)
             ... on level 2 of the Dungeon.
             The game lasted 00:02:11 (1182 turns).

gimp the Shield-Bearer (Djinni Fighter)             Turns: 1182, Time: 00:02:12

Health: -1/31      AC:  9    Str: 16    XL:     3   Next: 58%
Gold:   50         EV:  7    Int:  9    God:
                   SH:  9    Dex: 12

rFire    + + .     SeeInvis .   a - +0 war axe
rCold    x . .     Faith    .   c - +0 kite shield
rNeg     . . .     Spirit   .   b - +0 scale mail
rPois    ∞         Reflect  .   i - +0 helmet
rElec    .         Harm     .   k - scarf {+Inv}
rCorr    .         Rampage  .   f - +0 pair of gloves
Will     .....                  (boots unavailable)
Stlth    ..........             (no amulet)
HPRegen  0.10/turn              (no ring)
MPRegen  0.00/turn              (no ring)

@: mighty, flying
A: fire resistance 2, cold vulnerability 1, float, innate caster, hp casting,
extra vitality 1
a: Evoke Invisibility


You were on level 2 of the Dungeon.
You visited 1 branch of the dungeon, and saw 2 of its levels.

You collected 50 gold pieces.

Inventory:

Hand Weapons
 a - a +0 war axe (weapon)
Missiles
 g - 6 poisoned darts (quivered)
Armour
 b - a +0 scale mail (worn)
 c - a +0 kite shield (worn)
 f - a +0 pair of gloves (worn)
 i - a +0 helmet (worn)
 k - a scarf of invisibility (worn)
Jewellery
 e - a ring of positive energy
Potions
 d - a potion of might
 h - 2 potions of curing
 j - 2 potions of heal wounds {unknown}


   Skills:
 + Level 3.8 Fighting
 - Level 1.5 Axes
 - Level 3.0 Armour
 + Level 3.8 Shields


You had one spell level left.
You knew the following spells:

 Your Spells              Type           Power      Damage    Failure   Level
a - Sandblast             Erth           0%         2d4       99%         1
Your spell library was empty.

Dungeon Overview and Level Annotations

Branches:
Dungeon (2/15)

Altars:
Ru


Innate Abilities, Weirdness & Mutations

You are immune to poison.
Your flesh is very heat resistant. (rF++)
You are vulnerable to cold. (rC-)
You float through the air rather than walking.
You learn spells naturally, not from books.
Your magical power is your life essence.
You have superior vitality. (+4 HP)


Message History

You closely miss the water moccasin.
The water moccasin is moderately wounded.
You block the water moccasin's attack.
The water moccasin bites you but does no damage.
The water moccasin barely misses you.
You slash the water moccasin!
The water moccasin is severely wounded.
The water moccasin bites you. You block the water moccasin's attack.
You take 1 damage, and have 19/31 hp.
You closely miss the water moccasin.
The water moccasin is severely wounded.
The water moccasin barely misses you.
The water moccasin bites you but does no damage. x2
You miss the water moccasin.
The water moccasin is severely wounded.
The water moccasin barely misses you. You block the water moccasin's attack.
You miss the water moccasin.
The water moccasin is severely wounded.
The water moccasin bites you but does no damage.
You block the water moccasin's attack.
You barely miss the water moccasin.
The water moccasin is severely wounded.
The water moccasin barely misses you. You block the water moccasin's attack.
You barely miss the water moccasin.
The water moccasin is severely wounded.
The water moccasin bites you. x3
You take 9 damage, and have 10/31 hp.
MASSIVE DAMAGE!!
You slash the water moccasin!
The water moccasin is almost dead.
You block the water moccasin's attack. The water moccasin bites you!
* * * LOW HITPOINT WARNING * * *
You take 7 damage, and have 3/31 hp.
MASSIVE DAMAGE!!
You closely miss the water moccasin.
The water moccasin is almost dead.
The water moccasin barely misses you.
The water moccasin bites you but does no damage.
You miss the water moccasin.
The water moccasin is almost dead.
You block the water moccasin's attack. The water moccasin bites you.
You die...

#.# #.# ###.# ..).
#..# #..# #†.# #
#..# .# #@S##.#
#####..#..###
#......<......
#.###.#...####
###.###.......##
.........<....(.
..#####.###.......##
#...........†...###
#.#####.#####...#


You could see a water moccasin.

Vanquished Creatures
  An adder (D:2)
  4 ball pythons (D:1)
  5 endoplasms (D:1)
  3 giant cockroaches
  A goblin (D:1)
  4 hobgoblins (D:1)
  2 quokkas (D:1)
  5 bats (D:1)
  2 kobolds
  5 rats
32 creatures vanquished.

Vanquished Creatures (others)
  A plant (D:1)
1 creature vanquished.

Grand Total: 33 creatures vanquished

Notes
Turn   | Place    | Note
-------+----------+-------------------------------------------
     0 | D:1      | gimp the Djinni Fighter began the quest for the Orb.
     0 | D:1      | Reached XP level 1. HP: 20/20 MP: 0/0
   203 | D:1      | Reached XP level 2. HP: 17/25 MP: 0/0
   663 | D:1      | Found a faded altar of an unknown god.
   704 | D:1      | Reached XP level 3. HP: 30/30 MP: 0/0
   704 | D:1      | Learned a level 1 spell: Sandblast
  1124 | D:2      | Found a sacrificial altar of Ru.
  1160 | D:2      | Noticed a water moccasin
  1182 | D:2      | Slain by a water moccasin

Illustrated notes

Levels and vault maps discovered:
D:1:      dpeg_arrival_solitude, layout_loops_ring,
          chequers_ecumenical_altar_lobes
D:2:      layout_loops_ring, basic_altar, minmay_pentomino_q2,
          uniq_crazy_yiuf_cottage

Action                   || total
-------------------------++-------
Melee: War axe           ||    86
  Use: Potion            ||     2
       Scroll            ||     1
Armor: Scale mail        ||    68
Dodge: Dodged            ||    36
Block: Kite shield       ||    56

Table legend: (Time is in decaauts)
 A = Elapsed time spent in this place.
 B = Non-inter-level travel time spent in this place.
 C = Inter-level travel time spent in this place.
 D = Time resting spent in this place.
 E = Time spent auto-exploring this place.
 F = Levels seen in this place.
 G = Mean time per level.
                   A        B        C        D        E       F      G
               +--------+--------+--------+--------+--------+-----+--------+
         Total |   1237 |   1203 |     34 |      0 |    919 |   2 |  618.5 |
       Dungeon |   1237 |   1203 |     34 |      0 |    919 |   2 |  618.5 |
               +--------+--------+--------+--------+--------+-----+--------+

Top non-repeatable levels by time:
     D:1: 1128 daAuts
     D:2: 109 daAuts
